 Dungeon Crawl Stone Soup version 0.27-a0-883-g39567a0c06 (webtiles) character file.

Game seed: 8146638728394898979

27 HELP the Changer (level 3, 0/23 HPs)
             Began as an Octopode Transmuter on Apr 3, 2021.
             Engulfed by a cloud of steam (11 damage)
             ... on level 1 of the Dungeon.
             The game lasted 00:07:11 (1512 turns).

HELP the Changer (Octopode Transmuter)              Turns: 1512, Time: 00:07:12

Health: 0/23       AC:  1    Str:  9    XL:     3   Next: 10%
Magic:  6/6        EV: 13    Int: 16    God:
Gold:   17         SH:  0    Dex: 12    Spells: 5/6 levels left

rFire    . . .     SeeInvis .   b - +1 short sword (speed)
rCold    . . .     Faith    .   (no shield)
rNeg     . . .     Spirit   .   (helmet restricted)
rPois    .         Reflect  .   (no amulet)
rElec    .         Harm     .   (no ring)
rCorr    .         Rampage  .   (no ring)
Will     .....                  (no ring)
Stlth    +++.......             (no ring)
HPRegen  0.07/turn              (no ring)
MPRegen  0.10/turn              (no ring)
                                (no ring)
                                (no ring)

@: no status effects
A: almost no armour, amphibious, 8 rings, camouflage 1, gelatinous body 1,
nimble swimmer 1, tentacles
a: no special abilities


You were on level 1 of the Dungeon.
You visited 1 branch of the dungeon, and saw 1 of its levels.

You collected 17 gold pieces.

Inventory:

Hand Weapons
 a - a +0 dagger
 b - a +1 short sword of speed (weapon)
Missiles
 g - 24 bolts
Scrolls
 e - 2 scrolls of identify {unknown}
 f - 4 scrolls of noise {unknown}
 h - a scroll of enchant armour {unknown}
Potions
 c - a potion of heal wounds {unknown}
 d - 2 potions of invisibility {unknown}


   Skills:
 - Level 1.0 Fighting
 - Level 2.0 Dodging
 - Level 3.0 Unarmed Combat
 + Level 2.4 Spellcasting
 * Level 3.1 Transmutations


You had 5 spell levels left.
You knew the following spells:

 Your Spells              Type           Power      Damage    Failure   Level
a - Beastly Appendage     Tmut           22%        N/A       5%          1

Your spell library contained the following spells:

 Spells                   Type           Power      Damage    Failure   Level
 Wereblood                Tmut           11%        N/A       9%          2
 Spider Form              Tmut/Pois      3%         N/A       32%         3
 Ice Form                 Ice/Tmut       6%         N/A       71%         4
 Hydra Form               Tmut           5%         N/A       83%         5


Dungeon Overview and Level Annotations

Branches:
Dungeon (1/15)

Altars:

Shops:
D:1 ?


Innate Abilities, Weirdness & Mutations

You cannot wear most types of armour.
You are amphibious.
You can wear up to eight rings at the same time.
Your skin changes colour to match your surroundings (Stealth+).
Your rubbery body absorbs attacks. (AC +1, EV +1)
You are camouflaged near water. (Stealth+)
You have tentacles for arms and can constrict up to eight enemies at once.


Message History

h - a scroll labelled KOKASI ZOOMME A bat comes into view.
The bat closely misses you. The bat hits you but does no damage.
The bat hits you. The bat closely misses you.
The bat hits you but does no damage. x2
You hit the bat but do no damage. You grab the bat. You constrict the bat.
The bat barely misses you.
You closely miss the bat.
The bat is moderately wounded.
You constrict the bat, but do no damage.
The bat hits you.
The bat struggles to escape constriction. x2
You hit the bat.
You kill the bat!
No target in view!
Found a faded altar of an unknown god.
f - 4 scrolls labelled XIQUTT EMMOSAMN (gained 1)
There is a fountain of clear blue water here.
A bat comes into view.
The helpless bat fails to defend itself.
You hit the bat.
You kill the bat!
e - 2 scrolls labelled INWAICK OSUL (gained 1) Partly explored, can't reach some places.
Partly explored, can't reach some places.
Partly explored, can't reach some places.
Really wriggl into that teleport trap?
You enter a teleport trap!
The teleport trap disappears.
Your surroundings suddenly seem different.
You swing at nothing.
There is an open door here.
There is an open door here.
Really wriggl into a travel-excluded area?
Really swim into a travel-excluded area?
Really swim into a travel-excluded area?
You are engulfed in a cloud of scalding steam.
Ouch! That really hurt!
You are engulfed in a cloud of scalding steam.
You die...

#.........# ###...
#.........###########...#.
#.......>.'....(......###.
###.......######.#######..
#.#.....# #...# ##..#
#...##### ##### #....
#...# ## #....
#...######§# #....
######..≈##§@#§§## ##...
#......≈≈#≈##§§§§# #.##
#.###..≈≈≈≈###§§≈# #..#
#(###..≈≈#####§### ##..
#.......≈# #≈≈# #..
###......# #≈≈# ##.
#..##..# #### ## #......#
# #####'######


There were no monsters in sight!

Vanquished Creatures
  3 dart slugs (D:1)
  An endoplasm (D:1)
  A goblin (D:1)
  2 hobgoblins (D:1)
  3 jackals (D:1)
  A quokka (D:1)
  A ball python (D:1)
  3 bats (D:1)
  3 kobolds (D:1)
  4 rats (D:1)
22 creatures vanquished.

Notes
Turn   | Place    | Note
-------+----------+-------------------------------------------
     0 | D:1      | HELP the Octopode Transmuter began the quest for the Orb.
     0 | D:1      | Reached XP level 1. HP: 13/13 MP: 3/3
   260 | D:1      | Reached XP level 2. HP: 10/18 MP: 3/5
  1030 | D:1      | Reached XP level 3. HP: 23/23 MP: 4/6
  1161 | D:1      | Found Ymarph Quczur's Magic Scroll Emporium.
  1258 | D:1      | Found a faded altar of an unknown god.
  1512 | D:1      | Engulfed by a cloud of steam

Illustrated notes

Levels and vault maps discovered:
D:1:      dpeg_arrival_round_b, layout_basic, serial_shops, shop,
          shapermc_ecumenical_altar_totnotflames, lemuel_another_geyser

Skill      XL: |  1  2 |
---------------+-------+-----
Transmutations | 3 |  3.1
Fighting       | |  1.0
Dodging        | |  2.0
Unarmed Combat | |  3.0
Spellcasting   | |  2.4

Action                   || total
-------------------------++-------
Melee: Dagger            ||    12
       Unarmed           ||     8
       Constrict         ||    15
       Kick              ||     7
       Short sword       ||    37
       Tentacles         ||     4
       Punch             ||     1
 Cast: Beastly Appendage ||     7
 Stab: Sleeping          ||     3
Armor: Skin              ||     5
Dodge: Dodged            ||    30

Table legend: (Time is in decaauts)
 A = Elapsed time spent in this place.
 B = Non-inter-level travel time spent in this place.
 C = Inter-level travel time spent in this place.
 D = Time resting spent in this place.
 E = Time spent auto-exploring this place.
 F = Levels seen in this place.
 G = Mean time per level.
                   A        B        C        D        E       F      G
               +--------+--------+--------+--------+--------+-----+--------+
         Total |   1500 |   1500 |      0 |    347 |    851 |   1 | 1500.0 |
       Dungeon |   1500 |   1500 |      0 |    347 |    851 |   1 | 1500.0 |
               +--------+--------+--------+--------+--------+-----+--------+

Top non-repeatable levels by time:
     D:1: 1500 daAuts
